 Dungeon Crawl Stone Soup version 0.16-a0-4099-g0be755f (webtiles) character file.

301 dysrexia the Cleaver (level 6, -7/50 HPs)
             Began as a Hill Orc Gladiator on Feb 25, 2015.
             Was a Follower of Zin.
             Mangled by herpmino's ghost (10 damage)
             ... on level 5 of the Dungeon.
             The game lasted 00:15:31 (3390 turns).

dysrexia the Cleaver (Hill Orc Gladiator)           Turns: 3390, Time: 00:15:31

Health: -7/50      AC:  8    Str: 20    XL:     6   Next: 37%
Magic:  24/24      EV: 12    Int: 11    God:    Zin [*.....]
Gold:   152        SH:  0    Dex: 11    Spells: 0 memorised, 5 levels left

rFire  . . .     SeeInvis .     a - +0 war axe
rCold  . . .     Clarity  .     z - +3 leather armour "Blasog" {rElec MP+9 Int+3}
rNeg   . . .     SustAb   .     (no shield)
rPois  .         Gourm    .     c - +1 helmet
rElec  +         Spirit   .     (no cloak)
rCorr  .         Warding  .     (no gloves)
rMut   .         Stasis   .     (no boots)
MR     .....                    (no amulet)
Stlth  +.........               (no ring)
                                g - ring of magical power

@: very slightly contaminated, not resistant to hostile enchantments, very
unstealthy
A: no striking features
a: Recite, Renounce Religion


You were on level 5 of the Dungeon.
You worshipped Zin.
Zin was aware of your devotion.
You were not hungry.

You visited 2 branches of the dungeon, and saw 6 of its levels.

You collected 168 gold pieces.
You donated 16 gold pieces to Zin.

Inventory:

Hand weapons
 a - a +0 war axe (weapon)
Missiles
 d - 2 throwing nets (quivered)
 t - 13 poisoned needles
Armour
 b - a +0 leather armour
 c - a +1 helmet (worn)
 o - a +0 ring mail
 z - the +3 leather armour "Blasog" (worn) {rElec MP+9 Int+3}
   (You found it on level 4 of the Dungeon)

   It affects your intelligence (+3).
   It insulates you from electricity.
   It affects your magic capacity (+9).
Jewellery
 g - a ring of magical power (left hand)
Scrolls
 r - 2 scrolls of teleportation
 u - 2 scrolls of remove curse
Potions
 e - a potion of ambrosia {unknown}
 h - 3 potions of agility
 i - a potion of heal wounds {unknown}
 j - 3 potions of curing
 k - 2 potions of flight
 m - a potion of magic {unknown}
 n - a potion of invisibility {unknown}
 s - 2 potions of might
Comestibles
 f - 2 meat rations
 l - 5 bread rations
 p - 4 fruits
 q - 4 chunks of flesh


   Skills:
 - Level 2.4 Fighting
 + Level 9.1 Axes
 - Level 2.0 Throwing
 - Level 2.4 Dodging


You had 5 spell levels left.
You didn't know any spells.

Dungeon Overview and Level Annotations

Branches:
Dungeon (5/15)             Temple (1/1) D:4

Altars:
Ashenzari
Cheibriados
Elyvilon
Fedhas
Gozag
Kikubaaqudgha
Makhleb
Okawaru
Sif Muna
Trog
Vehumet
Xom
Yredelemnul
Zin
The Shining One

Annotations:
D:5 herpmino's ghost, experienced FoGl


Message History

You closely miss herpmino's ghost.
Herpmino's ghost is lightly damaged.
You closely miss the goblin. Herpmino's ghost closely misses you.
The goblin hits you but does no damage.
Herpmino's ghost hits you but does no damage.
You slash the goblin!
You kill the goblin!
You hit herpmino's ghost.
Herpmino's ghost is lightly damaged.
Herpmino's ghost mumbles, "They all look like pillowcases to me..."
Herpmino's ghost hits you. Herpmino's ghost hits you!
* * * LOW HITPOINT WARNING * * *
You see here a dagger of protection.
Herpmino's ghost hits you!
* * * LOW HITPOINT WARNING * * *
You see here 2 throwing nets.
d - 2 throwing nets Herpmino's ghost hits you!
You die...

... ...# #.. #.#
###?(### #...).@#
#.....W# #+###
#......# [....
#......#+#...#
#............#
#.....().....###.
#......<.........
######....#######
##...#


You could see herpmino's ghost.

Vanquished Creatures
  A centaur skeleton (D:4)
  An orc priest (D:4)
  2 worker ants (D:4)
  An orc wizard (D:4)
  Ijyb (D:3)
  3 adders
  5 worms
  An adder skeleton (D:2)
  2 adder zombies (D:2)
  5 giant geckos
  An ooze (D:3)
  5 orcs
  A bat skeleton (D:4)
  6 giant cockroaches
  7 hobgoblins
  10 jackals
  3 quokkas
  2 ball pythons
  4 bats
  A giant cockroach zombie (D:2)
  A giant gecko skeleton (D:4)
  3 giant newts
  8 goblins
  3 kobolds
  7 rats
84 creatures vanquished.

Notes
Turn   | Place    | Note
--------------------------------------------------------------
     0 | D:1      | dysrexia, the Hill Orc Gladiator, began the quest for the Orb.
     0 | D:1      | Reached XP level 1. HP: 18/18 MP: 1/1
   169 | D:1      | Reached XP level 2. HP: 5/25 MP: 2/2
   487 | D:1      | Reached skill level 5 in Axes
   825 | D:1      | Reached XP level 3. HP: 30/30 MP: 3/3
  1066 | D:2      | Reached skill level 6 in Axes
  1373 | D:2      | Reached XP level 4. HP: 8/37 MP: 4/4
  2025 | D:3      | Noticed Ijyb
  2041 | D:3      | Reached skill level 7 in Axes
  2042 | D:3      | Killed Ijyb
  2042 | D:3      | Reached XP level 5. HP: 18/42 MP: 5/5
  2198 | D:3      | Found an ancient bone altar of Kikubaaqudgha.
  2256 | D:3      | Found a glowing golden altar of the Shining One.
  2685 | D:4      | Reached skill level 8 in Axes
  2799 | D:4      | Reached XP level 6. HP: 44/50 MP: 6/6
  2821 | D:4      | Reached skill level 9 in Axes
  2929 | D:4      | Found a staircase to the Ecumenical Temple.
  2946 | Temple   | Entered the Ecumenical Temple
  3025 | Temple   | Became a worshipper of Zin the Law-Giver
  3025 | Temple   | Acquired Zin's first power
  3145 | D:4      | Found an opulent altar of Gozag.
  3197 | D:4      | Got a jewelled leather armour
  3208 | D:4      | Identified the +3 leather armour "Blasog" {rElec MP+9 Int+3} (You found it on level 4 of the Dungeon)
  3370 | D:5      | Entered Level 5 of the Dungeon
  3370 | D:5      | Noticed herpmino's ghost (experienced FoGl)
  3390 | D:5      | Mangled by herpmino's ghost

Action                   |  1- 3 |  4- 6 || total
-------------------------+-------+-------++-------
Melee: War axe           |   115 |   171 ||   286
Throw: Throwing net      |     1 |     3 ||     4
  Use: Scroll            |     2 |     9 ||    11
       Potion            |       |     2 ||     2
 Stab: Distracted        |       |     1 ||     1
  Eat: Chunk             |     2 |     6 ||     8
